 Dungeon Crawl Stone Soup version 0.27.0-1-g7a089689b8 (webtiles) character file.

Game seed: 17269651293659091262

1760 SunEater the Cleaver (level 8, -3/60 (74) HPs)
             Began as a Minotaur Fighter on Aug 6, 2021.
             Was an Initiate of Okawaru.
             Slain by a wight (4 damage)
             ... on level 7 of the Dungeon.
             The game lasted 00:20:54 (6557 turns).

SunEater the Cleaver (Minotaur Fighter)             Turns: 6557, Time: 00:20:55

HP:   -3/60 (74)    AC: 16    Str: 22    XL:     8   Next: 79%
MP:   7/7           EV: 10    Int:  5    God:    Okawaru [......]
Gold: 267           SH:  0    Dex: 11    Spells: 7/7 levels left

rFire    . . .     SeeInvis +   B - +0 battleaxe
rCold    . . .     Faith    .   (shield currently unavailable)
rNeg     . . .     Spirit   .   y - +0 plate armour
rPois    .         Reflect  .   (helmet restricted)
rElec    .         Harm     .   (no cloak)
rCorr    .         Rampage  .   (no gloves)
Will     .....                  s - +2 pair of boots
Stlth    ..........             (no amulet)
HPRegen  0.20/turn              o - ring of see invisible
MPRegen  0.10/turn              C - +4 ring of evasion

@: studying Hexes, heavily drained
A: horns 2, retaliatory headbutt
a: Renounce Religion


You were on level 7 of the Dungeon.
You worshipped Okawaru.
Okawaru was noncommittal.
You visited 2 branches of the dungeon, and saw 8 of its levels.

You collected 267 gold pieces.

Inventory:

Hand Weapons
 a - a +0 war axe
 B - a +0 battleaxe (weapon)
Armour
 c - a +0 kite shield
 s - a +2 pair of boots (worn)
 y - a +0 plate armour (worn)
Jewellery
 k - a ring of positive energy
 o - a ring of see invisible (left hand)
 q - a ring of magical power
 C - a +4 ring of evasion (right hand)
Wands
 b - a wand of mindburst (13)
 r - a wand of polymorph (4)
 w - a wand of flame (22)
 x - a wand of acid (10)
Scrolls
 e - 3 scrolls of noise {unknown}
 h - 4 scrolls of teleportation
 l - 2 scrolls of enchant weapon {unknown}
 m - 2 scrolls of enchant armour {unknown}
 n - 3 scrolls of fog {unknown}
 p - 2 scrolls of summoning {unknown}
 t - a scroll of holy word {unknown}
 v - a scroll of immolation {unknown}
 A - a scroll of amnesia {unknown}
Potions
 d - a potion of might
 g - 2 potions of haste
 j - 2 potions of curing
 u - a potion of mutation {unknown}
 z - 3 potions of lignification


   Skills:
 * Level 8.2 Fighting
 + Level 8.4 Axes
 + Level 7.4 Armour
 - Level 0.2 Stealth
 - Level 6.0 Shields


You had 7 spell levels left.
You didn't know any spells.
Your spell library contained the following spells:

 Spells                   Type           Power      Damage    Failure   Level
 Foxfire                  Conj/Fire      0%         2x1d4     100%        1
 Static Discharge         Conj/Air       0%         N/A       100%        2
 Call Canine Familiar     Summ           0%         N/A       100%        3
 Conjure Flame            Conj/Fire      0%         6-21      100%        3
 Inner Flame              Hex/Fire       0%         N/A       100%        3
 Portal Projectile        Hex/Tloc       0%         N/A       100%        3
 Dispel Undead            Necr           0%         3d6       100%        4
 Leda's Liquefaction      Hex/Erth       0%         N/A       100%        4
 Sticky Flame             Conj/Fire      0%         2d3       100%        4


Dungeon Overview and Level Annotations

Branches:
Dungeon (7/15)             Temple (1/1) D:7

Altars:
Cheibriados
Dithmenos
Elyvilon
Fedhas
Gozag
Kikubaaqudgha
Makhleb
Nemelex Xobeh
Okawaru
Qazlal
Sif Muna
Trog
Uskayaw
Vehumet
Wu Jian
Zin
The Shining One

Shops:
D:7 [

Annotations:
D:5 2 runed translucent doors, Spaninq's ghost, amateur FoGl


Innate Abilities, Weirdness & Mutations

You have a pair of horns on your head.
You reflexively headbutt those who attack you in melee.


Message History

The wight closely misses you.
You hit the wight.
The wight is lightly damaged.
The wight hits you with a +3 spear.
You feel drained. The wight hits you but does no damage.
You closely miss the wight. Your headbutt misses the wight.
The wight is lightly damaged.
The wight hits you but does no damage. x2
You slice the wight!!
You destroy the wight!
Okawaru accepts your kill. The wight hits you but does no damage.
The wight hits you with a +1 halberd of freezing!
* * * LOW HITPOINT WARNING * * *
You feel drained.
* * * LOW HITPOINT WARNING * * *
The wight freezes you.
* * * LOW HITPOINT WARNING * * *
Things that are here:
a +3 flail; a +0 robe You hit the wight but do no damage.
The wight barely misses you. The wight misses you.
Your plate armour prevents you from hitting the wight.
You headbutt the wight!
The wight is heavily damaged.
The wight hits you with a +1 halberd of freezing.
* * * LOW HITPOINT WARNING * * *
You feel drained.
* * * LOW HITPOINT WARNING * * *
The wight freezes you.
* * * LOW HITPOINT WARNING * * *
You completely miss the wight.
The wight is heavily damaged.
The wight hits you but does no damage.
You closely miss the wight.
The wight is heavily damaged.
The wight hits you with a +1 halberd of freezing!
* * * LOW HITPOINT WARNING * * *
You feel drained. The wight freezes you.
You die...

.##+#...# ..#.#.....##
..+ +...# #..##......#
### ###.###.##......#
#..............#
#.>..##.........###
......######..#'#....#
...... #..'∩'..# .
...... #..##'#.## ..#
..... ......#)@##...##
.....
.......#..z...... ....
...#...........##.
.##............#
.............#
!.............
.###..#.......#
#.#.##..#### .. . #.#


You could see a wight.

Vanquished Creatures
  A wyvern (D:4)
  2 necrophages (D:4)
  An orc warrior (D:4)
  An ice beast (D:6)
  2 centaurs
  2 bullfrogs
  A water moccasin zombie (D:6)
  2 scorpions
  A wyvern skeleton (D:6)
  A water moccasin skeleton (D:4)
  2 wights (D:7)
  A howler monkey (D:5)
  A centaur zombie (D:6)
  A hound (D:3)
  A jelly (D:6)
  A bullfrog skeleton (D:5)
  A centaur skeleton (D:4)
  3 iguanas
  3 orc wizards
  A hound zombie (D:5)
  A hound skeleton (D:5)
  6 gnolls
  8 adders
  A shadow imp (D:6)
  A white imp (D:7)
  An ufetubus (D:5)
  An adder skeleton (D:4)
  5 worms
  4 dart slugs
  6 orcs
  11 endoplasms
  2 giant cockroaches
  8 goblins
  8 hobgoblins
  2 jackals (D:1)
  5 quokkas
  7 ball pythons
  5 bats
  3 frilled lizards
  A kobold (D:1)
  5 rats
120 creatures vanquished.

Notes
Turn   | Place    | Note
-------+----------+-------------------------------------------
     0 | D:1      | SunEater the Minotaur Fighter began the quest for the Orb.
     0 | D:1      | Reached XP level 1. HP: 19/19 MP: 0/0
   170 | D:1      | Reached XP level 2. HP: 27/27 MP: 1/1
   841 | D:2      | Found a faded altar of an unknown god.
   938 | D:2      | Reached XP level 3. HP: 34/34 MP: 2/2
  1119 | D:2      | Reached skill level 5 in Fighting
  1337 | D:2      | Reached XP level 4. HP: 42/42 MP: 3/3
  1379 | D:2      | Found a blossoming altar of Fedhas.
  2705 | D:4      | Found a white marble altar of Elyvilon.
  2715 | D:4      | Reached XP level 5. HP: 48/48 MP: 4/4
  3053 | D:4      | Reached skill level 5 in Armour
  3055 | D:4      | Reached XP level 6. HP: 49/56 MP: 5/5
  3130 | D:4      | Reached skill level 5 in Axes
  3475 | D:4      | Noticed a wyvern
  3482 | D:4      | Killed a wyvern
  3483 | D:4      | Reached skill level 5 in Shields
  3483 | D:4      | Reached XP level 7. HP: 38/62 MP: 6/6
  3655 | D:4      | Identified the +1 scale mail "Doyxite" {Contam rElec Regen+
                  | Str-2}
  3770 | D:5      | Entered Level 5 of the Dungeon
  4495 | D:5      | Reached XP level 8. HP: 68/71 MP: 7/7
  4598 | D:5      | Found a large runed translucent door.
  4598 | D:5      | Found a large runed translucent door.
  4598 | D:5      | Noticed Spaninq's ghost (amateur FoGl)
  5799 | D:6      | Found a snail-covered altar of Cheibriados.
  6193 | D:7      | Found a staircase to the Ecumenical Temple.
  6200 | Temple   | Entered the Ecumenical Temple
  6261 | Temple   | Became a worshipper of Warmaster Okawaru
  6531 | D:7      | Found Ysasmole's Antique Armour Emporium.
  6557 | D:7      | HP: 1/62 [wight (7)]
  6557 | D:7      | Slain by a wight

Illustrated notes

Levels and vault maps discovered:
D:1:      lemuel_arrival_behind_the_door_small, layout_loops_ring,
          minmay_hexomino_u4
D:2:      layout_loops_ring, ebering_ecumenical_altar_mist, basic_altar
D:3:      layout_loops_ring
D:4:      layout_basic, mainiacjoe_overflow_six_doors_small,
          corexii_hall_statues_s, corexii_leaking_fountain
D:5:      layout_basic, ebering_ghost_disaster_area, minmay_manual_monstrance
D:6:      layout_rooms, kennysheep_slug_shrine, kennysheep_generic_room_5
D:7:      layout_cave_pools, marbit_many_paths, minmay_temple_entry_nine_rooms,
          serial_shops, nicolae_shop_behind_doors, nicolae_shop_behind_doors,
          kennysheep_mini
Temple:   regret_index_temple_generic_petals

Skill      XL: |  1  2  3  4  5  6  7  8 |
---------------+-------------------------+-----
Fighting       | 4 5 6 8 |  8.2
Shields        | 4 5 6 |  6.0
Axes           | 3 4 5 6 8 |  8.4
Armour         | 4 5 6 7 |  7.4
Stealth        | |  0.2

Action                   |  1- 3 |  4- 6 |  7- 9 || total
-------------------------+-------+-------+-------++-------
Melee: War axe           |    79 |   107 |    64 ||   250
       Headbutt          |    12 |    18 |    32 ||    62
       Battleaxe         |       |       |    91 ||    91
  Use: Scroll            |       |       |     5 ||     5
Armor: Scale mail        |    30 |    52 |       ||    82
       Chain mail        |       |     2 |    23 ||    25
       Plate armour      |       |       |    94 ||    94
Dodge: Dodged            |    24 |    46 |    67 ||   137
Block: Kite shield       |    39 |    63 |    40 ||   142
